 Dungeon Crawl Stone Soup version 0.28.0-53-g5a82cb258f (webtiles) character file.

Game seed: 14985656183766348229

74 Raiden350 the Skirmisher (level 4, -7/35 HPs)
             Began as a Demonspawn Abyssal Knight on July 17, 2022.
             Was a Believer of Lugonu.
             Killed by nerve-wracking pain
             ... invoked by an orc priest
              (11 damage)
             ... on level 3 of the Dungeon.
             The game lasted 00:10:40 (2420 turns).

Raiden350 the Skirmisher (DsAK)                     Turns: 2420, Time: 00:10:41

Health: -7/35      AC:  6    Str: 15    XL:     4   Next: 9%
Magic:  6/6        EV: 11    Int: 12    God:    Lugonu [**....]
Gold:   49         SH:  0    Dex: 15    Spells: 3/3 levels left

rFire   . . .      SeeInvis .   i - +11 rapier "Tormentor" {freeze, rCorr Stlth+}
rCold   . . .      Faith    .   (no shield)
rNeg    . . .      Spirit   .   b - +0 leather armour
rPois   .          Reflect  .   (no helmet)
rElec   .          Harm     .   e - +2 cloak
rCorr   +          Rampage  .   (no gloves)
Will    .....                   (no boots)
Stlth   +++.......              (no amulet)
HPRegen 0.11/turn               (no ring)
MPRegen 0.10/turn               (no ring)

@: no status effects
A: thin skeletal structure 1, condensation shield
a: Renounce Religion, Depart the Abyss, Bend Space


You were on level 3 of the Dungeon.
You worshipped Lugonu.
Lugonu was pleased with you.
You visited 1 branch of the dungeon, and saw 3 of its levels.
You visited the Abyss 1 time.

You collected 49 gold pieces.

Inventory:

Hand Weapons
 a - a +1 falchion
 i - the +11 rapier "Tormentor" (weapon) {freeze, rCorr Stlth+}
   (You acquired it on level 3 of the Dungeon)

   It freezes those it strikes, dealing additional cold damage.
   It can also slow down cold-blooded creatures.
   rCorr:     It protects you from acid and corrosion.
   Stlth:     It makes you more stealthy.
 n - a +0 triple crossbow
Armour
 b - a +0 leather armour (worn)
 e - a +2 cloak (worn)
 l - a +0 plate armour
Scrolls
 h - a scroll of fear
 j - a scroll of amnesia {unknown}
 k - a scroll of teleportation {unknown}
Potions
 d - a potion of might {unknown}
 f - a potion of curing {unknown}
 g - a potion of mutation {unknown}
 m - a potion of haste {unknown}


   Skills:
 + Level 3.4 Fighting
 + Level 0.0(1.3) Short Blades
 - Level 2.3 Long Blades
 + Level 2.3 Armour
 - Level 1.5 Dodging
 + Level 3.3 Invocations


You had 3 spell levels left.
You didn't know any spells.
Your spell library was empty.

Dungeon Overview and Level Annotations

Branches:
Dungeon (3/15)

Altars:


Innate Abilities, Weirdness & Mutations

You have a somewhat thin skeletal structure. (Dex +2, Stealth+)
A meltable shield of frost defends you. (SH +0)


Message History

Ouch! That really hurt!
* * * LOW HITPOINT WARNING * * *
The ball python's grasp on you weakens, but your attempt to escape fails.
The ball python closely misses you. The ball python constricts you.
You block the orc priest's attack.
The orc wizard gestures at you while chanting.
The puff of flame hits you.
Your condensation shield dissipates!
* * * LOW HITPOINT WARNING * * *
The ball python bites you.
* * * LOW HITPOINT WARNING * * *
The ball python constricts you.
Okay, then.
Unknown command.
Okay, then.
Okay, then.
It was a potion of heal wounds.
You feel much better.
The orc warrior hits you but does no damage.
The orc priest invokes the aid of Beogh against you.
Beogh smites you!
* * * LOW HITPOINT WARNING * * *
The ball python bites you but does no damage.
The ball python constricts you.
Okay, then.
Unknown command.
Okay, then.
You are too injured to fight recklessly!
Okay, then.
You feel much better.
The orc warrior hits you with a +0 long sword!
The orc priest hits you with a +1 vampiric whip.
The orc wizard hits you with a +0 dagger.
The ball python bites you but does no damage.
The ball python constricts you.
You escape the ball python's grasp.
The orc warrior hits you with a +0 long sword!
* * * LOW HITPOINT WARNING * * *
The orc priest calls down the wrath of Beogh upon you.
Pain shoots through your body!
You die...

#............###....#
###..................
#...............#
#..............##
#.............##
#..............####
############....#.##
##.)oS..# ##@.o.##
###o..# ....# #$.....
#..... #####


You could see an orc warrior, an orc priest, an orc wizard and a ball python.

Vanquished Creatures
  2 adders (D:1)
  A dart slug (D:3)
  2 orcs (D:3)
  3 ball pythons (D:1)
  5 bats
  2 endoplasms (D:1)
  4 giant cockroaches
  7 goblins
  6 hobgoblins
  2 jackals (D:1)
  A quokka (D:2)
  3 frilled lizards
  5 kobolds
  3 rats (D:1)
46 creatures vanquished.

Vanquished Creatures (others)
  A lurking horror (Abyss:1)
1 creature vanquished.

Grand Total: 47 creatures vanquished

Notes
Turn   | Place    | Note
-------+----------+-------------------------------------------
     0 | Abyss:1  | Raiden350 the Demonspawn Abyssal Knight began the quest for
                  | the Orb.
     0 | Abyss:1  | Reached XP level 1. HP: 18/18 MP: 2/2
     8 | Abyss:1  | Found a corrupted altar of Lugonu.
    68 | D:1      | Escaped the Abyss
   225 | D:1      | Reached skill level 1 in Dodging
   399 | D:1      | Gained mutation: A meltable shield of frost defends you.
                  | (SH +0) [demonic ancestry]
   399 | D:1      | Reached XP level 2. HP: 24/24 MP: 4/4
   987 | D:1      | Reached ** piety under Lugonu
  1079 | D:1      | Found a faded altar of an unknown god.
  1102 | D:1      | Reached XP level 3. HP: 29/29 MP: 5/5
  2360 | D:3      | Gained mutation: You have a somewhat thin skeletal
                  | structure. (Dex +2, Stealth+) [demonic ancestry]
  2360 | D:3      | Reached XP level 4. HP: 35/35 MP: 6/6
  2393 | D:3      | Identified a scroll of acquirement
  2393 | D:3      | Acquired the +11 rapier "Tormentor" {freeze, rCorr Stlth+}
  2408 | D:3      | Noticed an orc warrior
  2417 | D:3      | HP: 1/35 [ball python (3)]
  2420 | D:3      | Killed from afar by an orc priest

Illustrated notes

Levels and vault maps discovered:
D:1:      lemuel_arrival_behind_the_door_small, layout_basic,
          ebering_ecumenical_altar_ruins
D:2:      layout_rooms, kennysheep_crisscross
D:3:      layout_basic, gammafunk_ghost_cemetery, chequers_mini_garden,
          minmay_fractal_squares_gapless_5

Skill      XL: |  1  2 |
---------------+-------+-----
Dodging        | 1 |  1.5
Long Blades    | 2 |  2.3
Armour         | 2 |  2.3
Invocations    | 3 |  3.3
Fighting       | |  3.4

Action                   |  1- 3 |  4- 6 || total
-------------------------+-------+-------++-------
Melee: Falchion          |   158 |     3 ||   161
       Punch             |     3 |       ||     3
       Rapier            |       |     4 ||     4
  Use: Scroll            |       |     2 ||     2
       Potion            |       |     2 ||     2
 Stab: Sleeping          |       |     1 ||     1
Armor: Leather armour    |    81 |     4 ||    85
Dodge: Dodged            |   152 |     6 ||   158
Block: Other             |    27 |     3 ||    30
